 Dungeon Crawl Stone Soup version 0.22-a0-570-g58866f5 (webtiles) character file.

2562 Hebeh the Basher (level 9, 0/79 HPs)
             Began as a Minotaur Fighter on June 30, 2018.
             Slain by a wight
             ... wielding a +2 battleaxe of freezing
              (3 damage)
             ... on level 7 of the Dungeon.
             The game lasted 00:15:18 (5333 turns).

Hebeh the Basher (Minotaur Fighter)                 Turns: 5333, Time: 00:15:21

Health: 0/79       AC: 15    Str: 25    XL:     9   Next: 31%
Magic:  8/8        EV:  5    Int:  5    God:
Gold:   361        SH: 10    Dex:  9    Spells: 8/8 levels left

rFire    . . .     SeeInvis .   a - +4 whip (venom)
rCold    . . .     Gourm    .   c - +0 shield
rNeg     . . .     Faith    .   C - +0 plate armour
rPois    .         Spirit   .   (helmet restricted)
rElec    .         Reflect  .   (no cloak)
rCorr    +         Harm     .   g - +0 pair of gloves
MR       .....                  i - +0 pair of boots
Stlth    ..........             (no amulet)
HPRegen  0.23/turn              w - ring of resist corrosion
MPRegen  0.11/turn              (no ring)

@: drained
A: retaliatory headbutt, horns 2
a: no special abilities


You were on level 7 of the Dungeon.
You were near starving.

You visited 1 branch of the dungeon, and saw 7 of its levels.

You collected 361 gold pieces.

Inventory:

Hand Weapons
 a - a +4 whip of venom (weapon)
 b - a +0 war axe
Missiles
 q - 84 sling bullets
Armour
 c - a +0 shield (worn)
 g - a +0 pair of gloves (worn)
 i - a +0 pair of boots (worn)
 C - a +0 plate armour (worn)
Jewellery
 w - a ring of resist corrosion (left hand)
 B - an uncursed amulet of guardian spirit {unknown}
 D - a cursed ring of loudness {unknown}
Scrolls
 j - a scroll of enchant weapon
 k - a scroll of immolation {unknown}
 l - a scroll of remove curse
 m - 3 scrolls of identify
 r - a scroll of blinking {unknown}
 t - 7 scrolls of teleportation {unknown}
 u - 2 scrolls of magic mapping {unknown}
 x - a scroll of amnesia
 y - a scroll of noise {unknown}
 A - a scroll of fog {unknown}
Potions
 d - 3 potions of might
 e - 2 potions of flight
 h - a potion of lignification {unknown}
 n - 2 potions of heal wounds
 o - 6 potions of agility
 p - a potion of ambrosia
 s - 2 potions of degeneration {unknown}
 v - a potion of mutation {unknown}
 z - 3 potions of curing
 E - 2 potions of resistance {unknown}
Comestibles
 f - 14 rations


   Skills:
 + Level 7.2(6.1) Fighting
 + Level 6.6(7.5) Axes
 * Level 8.6(8.4) Maces & Flails
 + Level 7.1(5.9) Armour
 + Level 7.2(6.1) Shields


You had 8 spell levels left.
You didn't know any spells.
Your spell library contained the following spells:

 Spells                   Type           Power        Failure   Level  Hunger
 Summon Small Mammal      Summ           #...         100%        1    ##.....
 Summon Ice Beast         Ice/Summ       #.......     100%        4    #####..
 Call Imp                 Summ           #.......     100%        2    ###....
 Call Canine Familiar     Summ           #.......     100%        3    ####...
 Summon Lightning Spire   Summ/Air       #.......     100%        4    #####..
 Summon Guardian Golem    Hex/Summ       #.......     100%        3    ####...


Dungeon Overview and Level Annotations

Branches:
Dungeon (7/15)             Temple (0/1) D:7

Altars:
Qazlal
Wu Jian

Annotations:
D:6 1 runed door, Hebeh's ghost, novice MiFi


Innate Abilities, Weirdness & Mutations

You reflexively headbutt those who attack you in melee.
You have a pair of horns on your head.


Message History

You closely miss the wight.
The wight is severely damaged.
You whack the wight!
You destroy the wight!
The wight hits you with a battleaxe of freezing.
* * * LOW HITPOINT WARNING * * *
You feel drained.
* * * LOW HITPOINT WARNING * * *
The wight freezes you.
* * * LOW HITPOINT WARNING * * *
You hit the wight but do no damage. Your headbutt misses the wight.
The wight is severely damaged.
You hit the wight but do no damage.
The wight is severely damaged.
The wight hits you with a battleaxe of freezing!
* * * LOW HITPOINT WARNING * * *
You feel drained.
* * * LOW HITPOINT WARNING * * *
The wight freezes you.
You die...

#.... $.. # ..... ......# ......
.....## ......###.#...####
......#.......... #.. ##
...............# ## ..##...
......z#...#...# .#
...#.###.......)@#)#..#.### #.#
..................>.......####..#
.......# .....#..#.#.?...........
.......#...=....#...#............
......##.........................
...............###...............
.........###### #.##............
........# #.##............
.......####### #.##....†.......


You could see a wight.

Vanquished Creatures
  Pikel (D:4)
  A hippogriff (D:7)
  Menkaure (D:7)
  Duvessa (D:6)
  A water moccasin (D:5)
  A sky beast (D:5)
  2 slaves (D:4)
  2 ogres (D:7)
  A phantom (D:4)
  A centaur (D:6)
  A bullfrog (D:7)
  Dowan (D:6)
  5 scorpions
  2 wights (D:7)
  2 howler monkeys
  2 crimson imps
  An orc priest (D:3)
  A hound (D:4)
  A jelly (D:7)
  3 orc wizards
  2 iguanas
  Natasha (thrice) (D:2 D:3 D:5)
  4 worker ants
  A hound skeleton (D:5)
  A howler monkey zombie (D:7)
  8 adders
  4 gnolls (D:2)
  3 oozes
  6 worms
  2 dart slugs
  3 leopard geckos
  11 orcs
  2 ball pythons (D:1)
  3 bats (D:1)
  4 giant cockroaches
  2 hobgoblins
  2 quokkas
  A frilled lizard (D:1)
  4 goblins
  6 kobolds
  A leopard gecko skeleton (D:5)
  A quokka skeleton (D:4)
  4 rats
109 creatures vanquished.

Vanquished Creatures (others)
  2 withered plants (D:6)
2 creatures vanquished.

Grand Total: 111 creatures vanquished

Notes
Turn   | Place    | Note
-------+----------+-------------------------------------------
     0 | D:1      | Hebeh the Minotaur Fighter began the quest for the Orb.
     0 | D:1      | Reached XP level 1. HP: 19/19 MP: 0/0
   167 | D:1      | Reached XP level 2. HP: 24/27 MP: 1/1
   295 | D:1      | Reached skill level 1 in Maces & Flails
   664 | D:2      | Reached XP level 3. HP: 33/33 MP: 2/2
   677 | D:2      | Reached skill level 2 in Maces & Flails
   685 | D:2      | Reached XP level 4. HP: 13/40 MP: 3/3
  1344 | D:2      | Noticed Natasha
  1349 | D:2      | Killed Natasha
  2168 | D:3      | Reached skill level 3 in Maces & Flails
  2168 | D:3      | Reached XP level 5. HP: 45/47 MP: 4/4
  2189 | D:3      | Noticed Natasha
  2196 | D:3      | Killed Natasha
  2799 | D:4      | Noticed a slave
  2800 | D:4      | Noticed a slave
  2802 | D:4      | Reached XP level 6. HP: 53/53 MP: 5/5
  2803 | D:4      | Noticed a slave
  2803 | D:4      | Noticed a slave
  2805 | D:4      | Noticed Pikel
  2813 | D:4      | Killed a slave
  2818 | D:4      | Killed a slave
  2824 | D:4      | Killed Pikel
  2824 | D:4      | Reached skill level 5 in Fighting
  2824 | D:4      | Reached skill level 5 in Maces & Flails
  2824 | D:4      | Reached skill level 5 in Armour
  2824 | D:4      | Reached skill level 5 in Shields
  2824 | D:4      | Reached XP level 7. HP: 22/61 MP: 6/6
  3532 | D:5      | Entered Level 5 of the Dungeon
  3537 | D:4      | Reached skill level 5 in Axes
  3537 | D:4      | Reached skill level 6 in Maces & Flails
  3626 | D:5      | Noticed Natasha
  3631 | D:5      | Killed Natasha
  3631 | D:5      | Reached XP level 8. HP: 69/70 MP: 7/7
  3754 | D:5      | Found an ornate altar of the Wu Jian Council.
  3790 | D:5      | Found a stormy altar of Qazlal.
  4191 | D:5      | Reached skill level 7 in Maces & Flails
  4370 | D:6      | Noticed Dowan
  4383 | D:6      | Killed Dowan
  4384 | D:6      | Noticed Duvessa
  4391 | D:6      | Killed Duvessa
  4555 | D:6      | Found a runed door.
  4555 | D:6      | Noticed Hebeh's ghost (novice MiFi)
  4888 | D:7      | Noticed a hippogriff
  4909 | D:7      | Killed a hippogriff
  4909 | D:7      | Reached skill level 8 in Maces & Flails
  4909 | D:7      | Reached XP level 9. HP: 30/78 MP: 8/8
  5297 | D:7      | Found a staircase to the Ecumenical Temple.
  5307 | D:7      | Noticed Menkaure
  5324 | D:7      | Killed Menkaure
  5333 | D:7      | HP: 3/79 [wight/battleaxe of freezing (2)]
  5333 | D:7      | Slain by a wight

Vault maps used:
D:1:      dpeg_arrival_arbitrary_b, minmay_heptomino_h4
D:2:      uniq_natasha
D:4:      uniq_pikel
D:5:      overflow_temple_1_default, first_ration, grunt_qazlal_clouds
D:6:      gammafunk_ghost_grave, uniq_duvessa
D:7:      minmay_temple_entry_crystal_x, uniq_menkaure

Skill      XL: |  1  2  3  4  5  6  7  8  9 |
---------------+----------------------------+-----
Maces & Flails | 1 2 3 5 6 8 |  8.6
Axes           | 3 4 5 6 |  6.6
Shields        | 4 5 6 7 |  7.2
Fighting       | 4 5 6 7 |  7.2
Armour         | 4 5 6 7 |  7.1

Action                   |  1- 3 |  4- 6 |  7- 9 || total
-------------------------+-------+-------+-------++-------
Melee: Whip              |    57 |   117 |   211 ||   385
       War axe           |     7 |       |       ||     7
       Headbutt          |     8 |    12 |    42 ||    62
  Use: Scroll            |       |     8 |     1 ||     9
  Eat: Chunk             |       |     6 |     3 ||     9
       Ration            |       |       |     1 ||     1
Armor: Scale mail        |    16 |    31 |    25 ||    72
       Plate armour      |       |       |    42 ||    42
Dodge: Dodged            |    22 |    22 |    34 ||    78
Block: Shield            |    36 |    58 |    96 ||   190

Table legend:
 A = Spawn XP
 B = Non-spawn XP
 C = Spawn XP percentage of total XP
 D = Spawn monster count
 E = Non-spawn monster count
 F = Spawn count percentage of total count
 G = Total turns spent on level
                    A         B        C        D         E        F      G
               +---------+---------+-------+---------+---------+-------+---------
         Total |       0 |    3661 |   0.0 |       0 |     107 |   0.0 |  5333
               +---------+---------+-------+---------+---------+-------+---------
           D:1 |       0 |      36 |   0.0 |       0 |      18 |   0.0 |   659
           D:2 |       0 |     148 |   0.0 |       0 |      13 |   0.0 |  1438
           D:3 |       0 |     190 |   0.0 |       0 |      19 |   0.0 |   638
           D:4 |       0 |    1001 |   0.0 |       0 |      17 |   0.0 |   819
           D:5 |       0 |     674 |   0.0 |       0 |      15 |   0.0 |   708
           D:6 |       0 |     486 |   0.0 |       0 |      10 |   0.0 |   625
           D:7 |       0 |    1126 |   0.0 |       0 |      15 |   0.0 |   446
               +---------+---------+-------+---------+---------+-------+---------
